 Dungeon Sprint DCSS version 0.22.1-1-ga44c0e56f4 (webtiles) character file.

258 MuseOD the Spear-Bearer (level 6, 0/59 HPs)
             Began as a Merfolk Berserker on Oct 4, 2018.
             Was a Follower of Trog.
             Slain by a crocodile (16 damage)
             ... in the Dungeon (Sprint II: "The Violet Keep of Menkaure").
             The game lasted 00:00:25 (35 turns).

MuseOD the Spear-Bearer (Merfolk Berserker)           Turns: 35, Time: 00:00:26

Health: 0/59       AC:  3    Str: 19    XL:     6   Next: 16%
Magic:  6/6        EV: 15    Int:  7    God:    Trog [*.....]
Gold:   0          SH:  0    Dex: 13    Spells: 5/5 levels left

rFire    . . .     SeeInvis .   a - +0 spear
rCold    . . .     Gourm    .   (no shield)
rNeg     . . .     Faith    .   b - +0 animal skin
rPois    .         Spirit   .   (no helmet)
rElec    .         Reflect  .   (no cloak)
rCorr    .         Harm     .   (no gloves)
MR       ++...     NoTele   +   (no boots)
Stlth    +.........             (no amulet)
HPRegen  1.19/turn              (no ring)
MPRegen  0.10/turn              (no ring)

@: berserk cooldown, regenerating, slowed, very slow
A: change form in water, swift swim, stealthy swim, rugged brown scales 1,
evolution 1
a: Berserk, Renounce Religion


You were in the Dungeon.
You worshipped Trog.
Trog was aware of your devotion.
You were not hungry.

You visited 1 branch

Inventory:

Hand Weapons
 a - a +0 spear (weapon)
Armour
 b - a +0 animal skin (worn)
Scrolls
 i - a scroll of blinking
Potions
 d - a potion of curing
 e - a potion of heal wounds
 f - a potion of haste
 g - 2 potions of magic
 h - a potion of berserk rage
Comestibles
 c - a ration


   Skills:
 + Level 9.0 Fighting
 + Level 11.7 Polearms
 + Level 3.0 Armour
 + Level 6.3 Dodging


You had 5 spell levels left.
You didn't know any spells.
Your spell library was empty.

Dungeon Overview and Level Annotations

Branches:
Dungeon (1/1)

Altars:


Innate Abilities, Weirdness & Mutations

You revert to your normal form in water.
You are very nimble and swift while swimming.
You are very stealthy in the water. (Stealth+)
You are partially covered in rugged brown scales. (AC +1, +3% HP)
You evolve.


Message History

You feel a genetic drift.
Rugged brown scales grow over part of your body.
There is an open door here.
The crocodile barely misses you.
There's a creature in the doorway!
You hit the crocodile but do no damage.
The crocodile is lightly wounded.
The crocodile bites you!
* * * LOW HITPOINT WARNING * * *
Okay, then.
Your skin crawls.
You feel resistant to hostile enchantments.
You feel somewhat more hungry.
You can no longer call upon Trog for regeneration and magic resistance.
The crocodile misses you.
There is a staircase leading out of the dungeon here.
You puncture the crocodile!
The crocodile is heavily wounded.
The crocodile bites you!
You die...

##
#+###.#
##.##.#
+.@t'##
##.###
#+#


You could see a crocodile.

Vanquished Creatures
  2 neqoxecs (D)
2 creatures vanquished.

Notes
Turn   | Place    | Note
-------+----------+-------------------------------------------
     0 | D        | MuseOD the Merfolk Berserker began the quest for the Orb.
     0 | D        | Reached XP level 1. HP: 18/18 MP: 1/1
     1 | D        | Noticed a neqoxec
     8 | D        | Noticed a neqoxec
    10 | D        | Noticed a quasit
    10 | D        | Noticed an iron imp
    11 | D        | Noticed a crimson imp
    13 | D        | Gained mutation: You evolve. [a neqoxec]
    14 | D        | Killed a neqoxec
    14 | D        | Reached skill level 10 in Polearms
    14 | D        | Reached skill level 5 in Dodging
    14 | D        | Reached XP level 2. HP: 26/31 MP: 2/2
    14 | D        | Reached XP level 3. HP: 31/36 MP: 3/3
    14 | D        | Reached XP level 4. HP: 37/43 MP: 4/4
    14 | D        | Reached XP level 5. HP: 42/48 MP: 5/5
    23 | D        | Killed a neqoxec
    23 | D        | Reached ** piety under Trog
    23 | D        | Reached skill level 11 in Polearms
    23 | D        | Reached XP level 6. HP: 51/58 MP: 6/6
    30 | D        | Gained mutation: You are partially covered in rugged brown
                  | scales. (AC +1, +3% HP) [evolution]
    35 | D        | Slain by a crocodile

Skill      XL: |  1  2  3  4  5 |
---------------+----------------+-----
Fighting       | 7 9 |  9.0
Polearms       | 10 11 | 11.7
Armour         | 2 3 |  3.0
Dodging        | 5 6 |  6.3

Action                   |  1- 3 |  4- 6 || total
-------------------------+-------+-------++-------
Melee: Spear             |    12 |    15 ||    27
Invok: Berserk           |     1 |       ||     1
       Trog's Hand       |       |     1 ||     1
Armor: Animal skin       |     3 |       ||     3
Dodge: Dodged            |     4 |     9 ||    13
